 Dungeon Crawl Stone Soup version 0.30.1-11-g7821555f0a (webtiles) character file.

Game seed: 14409257689047636699

231 ChrisAssaf the Magician (level 6, -4/42 HPs)
             Began as a Djinni Summoner on Nov 28, 2023.
             Slain by an ogre
             ... wielding a +0 giant spiked club
              (20 damage)
             ... on level 5 of the Dungeon.
             The game lasted 00:08:50 (1727 turns).

ChrisAssaf the Magician (Djinni Summoner)           Turns: 1727, Time: 00:08:51

Health: -4/42      AC:  4    Str:  9    XL:     6   Next: 24%
Gold:   168        EV: 13    Int: 16    God:
                   SH:  0    Dex: 14

rFire   + + .        e - +0 glaive
rCold   x . .        (shield currently unavailable)
rNeg    . . .        a - +0 robe
rPois   ∞            (no helmet)
rElec   .            d - +1 cloak
rCorr   .            (no gloves)
SInv    .            (boots unavailable)
Will    .....        h - amulet of the acrobat
Stlth   ++           (no ring)
HPRegen 0.27/turn    (no ring)
MPRegen 0.00/turn

%: acrobat, infuse magic (-5 HP)
@: flying, very slightly contaminated
A: sickness immunity, fire resistance 2, cold vulnerability 1, float, innate
caster, HP casting, extra vitality 1
a: no special abilities


You were on level 5 of the Dungeon.
You visited 1 branch of the dungeon, and saw 5 of its levels.

You collected 168 gold pieces.

Inventory:

Hand Weapons
 e - a +0 glaive (weapon)
Missiles
 m - 2 datura-tipped darts
Armour
 a - a +0 robe (worn)
 d - a +1 cloak (worn)
Jewellery
 h - an amulet of the acrobat (around neck)
Scrolls
 c - a scroll of teleportation {unknown}
 f - a scroll of immolation {unknown}
 j - a scroll of poison {unknown}
 l - a scroll of summoning {unknown}
Potions
 b - 2 potions of brilliance
 g - a potion of magic
 k - a potion of heal wounds {unknown}


   Skills:
 * Level 1.4 Fighting
 * Level 1.5 Polearms
 * Level 1.4 Armour
 * Level 3.1 Dodging
 * Level 2.1 Stealth
 * Level 4.4 Spellcasting


You knew the following spells:

 Your Spells              Type           Power      Damage    Failure   Level
a - Summon Small Mammal   Summ           68%        N/A       2%          1
b - Call Imp              Summ           34%        N/A       4%          2
c - Call Canine Familiar  Summ           17%        N/A       8%          3
d - Summon Guardian Gole  Hex/Summ       17%        N/A       8%          3
e - Summon Lightning Spi  Summ/Air       17%        N/A       26%         4
f - Magic Dart            Conj           68%        1d6       2%          1
g - Lesser Beckoning      Tloc           34%        N/A       4%          2
Your spell library was empty.

Dungeon Overview and Level Annotations

Branches:
Dungeon (5/15)
 Temple: D:4-7

Altars:


Innate Abilities, Weirdness & Mutations

You are immune to sickness and miasma.
You are immune to poison.
Your flesh is very heat resistant. (rF++)
You are vulnerable to cold. (rC-)
You float through the air rather than walking.
You learn spells naturally, not from books.
Your magical power is your life essence.
You have superior vitality. (+4 MHP)


Message History

You kill the adder!
You see here an adder corpse.
You swap places.
An ogre comes into view. It is wielding a +0 giant spiked club.
Found a dagger.
Casting: Call Imp (safe; 4% risk of failure)
Confirm with . or Enter, or press ? or * to list all spells.
The spell is quite dangerous to miscast (26% risk of failure)!
Continue anyway?
An electric hum fills the air.
Your cerulean imp hits the ogre with a -3 spear.
The ogre hits your cerulean imp with a +0 giant spiked club.
Your cerulean imp barely misses the ogre.
Your cerulean imp hits the ogre with a -3 spear.
Found a robe.
Your cerulean imp hits the ogre but does no damage.
Your cerulean imp barely misses the ogre.
You hit the ogre but do no damage.
The ogre is moderately wounded.
The ogre hits you with a +0 giant spiked club!
Your cerulean imp hits the ogre with a -3 spear.
The ogre attacks as you move away! The ogre closely misses you.
Your cerulean imp barely misses the ogre.
An ufetubus comes into view.
Your cerulean imp barely misses the ogre.
The ogre completely misses you.
The ufetubus shouts!
Your cerulean imp barely misses the ogre.
Casting: Summon Lightning Spire (quite dangerous; 26% risk of failure)
Confirm with . or Enter, or press ? or * to list all spells.
The spell is quite dangerous to miscast (26% risk of failure)!
Continue anyway?
You miscast Summon Lightning Spire.
You are very lightly contaminated with residual magic.
You are blasted with air!
Unknown command.
Casting: Summon Lightning Spire (quite dangerous; 26% risk of failure)
Confirm with . or Enter, or press ? or * to list all spells.
The spell is quite dangerous to miscast (26% risk of failure)!
Continue anyway?
An electric hum fills the air.
The ogre hits you with a +0 giant spiked club!!
You die...

#.....#####.#†#
####...........#.####
..†............#..8.#######
............#######.......#
).###...###....#...5#####.#
.## ##.## ####.#5.....)....
)#####.#######.#.########.#
.†.............8O......#
...##.####......@......#
)..##.# #.####........#
......# .# #.5.......
#..#### .# #........# #..#
.# #..[.....# #..# .#
#........# #..# .#
#.###.##.# #..#######.# #.
.# .# #..........#


You could see an ogre (ally target), an ufetubus, a friendly lightning spire
(summoned) and a friendly cerulean imp (summoned).

Vanquished Creatures
  A hound (D:5)
  An iguana (D:4)
  4 gnolls
  3 adders
  A ball python (D:3)
  A bat (D:3)
  An endoplasm (D:3)
  A giant cockroach (D:4)
  3 hobgoblins
  A quokka (D:3)
  A goblin (D:3)
  A rat (D:3)
19 creatures vanquished.

Vanquished Creatures (collateral kills)
  A hound (D:5)
  3 gnolls
  An ufetubus (D:5)
  A worm (D:2)
  2 dart slugs (D:1)
  2 ball pythons (D:1)
  7 bats
  An endoplasm (D:1)
  2 goblins (D:1)
  A hobgoblin (D:1)
  A quokka (D:1)
  2 frilled lizards (D:3)
  2 kobolds (D:1)
  3 rats
29 creatures vanquished.

Grand Total: 48 creatures vanquished

Notes
Turn   | Place    | Note
-------+----------+-------------------------------------------
     0 | D:1      | ChrisAssaf the Djinni Summoner began the quest for the Orb.
     0 | D:1      | ChrisAssaf set off with the following spells memorised:
                  | Summon Small Mammal, Call Imp, Call Canine Familiar, Summon
                  | Guardian Golem, Summon Lightning Spire.
     0 | D:1      | Reached XP level 1. HP: 15/15 MP: 0/0
   248 | D:1      | Reached XP level 2. HP: 20/21 MP: 0/0
   459 | D:1      | Reached XP level 3. HP: 26/26 MP: 0/0
   459 | D:1      | Learned a level 1 spell: Magic Dart
   986 | D:3      | Reached XP level 4. HP: 12/31 MP: 0/0
   993 | D:3      | Reached skill level 4 in Spellcasting
  1343 | D:4      | Reached skill level 1 in Fighting
  1343 | D:4      | Reached skill level 1 in Armour
  1343 | D:4      | Reached XP level 5. HP: 4/37 MP: 0/0
  1343 | D:4      | Learned a level 2 spell: Lesser Beckoning
  1499 | D:5      | Entered Level 5 of the Dungeon
  1646 | D:5      | Reached skill level 1 in Polearms
  1663 | D:5      | Reached XP level 6. HP: 33/42 MP: 0/0
  1714 | D:5      | Noticed an ogre
  1727 | D:5      | Slain by an ogre

Illustrated notes

Levels and vault maps discovered:
D:1:      nicolae_arrival_somewhat_less_tricky_arrival, layout_basic,
          shapermc_ecumenical_altar_pompeii, st_stairs_12,
          kennysheep_minor_cross, minmay_misc_feat_pillars,
          minmay_split_cup_large
D:2:      layout_rooms, bh_walls_and_bars, uniq_jessica
D:3:      layout_loops_cross
D:4:      layout_loops_ring, mainiacjoe_overflow_catch_the_wave,
          minmay_temple_entry_slanted, uniq_menkaure
D:5:      layout_loops_ring

Skill      XL: |  1  2  3  4  5 |
---------------+----------------+-----
Spellcasting   | 4 |  4.4
Fighting       | 1 |  1.4
Armour         | 1 |  1.4
Polearms       | 1 |  1.5
Stealth        | 2 |  2.1
Dodging        | 3 |  3.1

Action                     |  1- 3 |  4- 6 || total
---------------------------+-------+-------++-------
  Melee: Unarmed           |     1 |       ||     1
         Glaive            |    21 |    31 ||    52
   Cast: Summon Small Mamm |    16 |       ||    16
         Call Imp          |     8 |     5 ||    13
         Magic Dart        |    13 |     9 ||    22
         Call Canine Famil |     2 |       ||     2
         Summon Lightning  |       |     6 ||     6
    Use: Potion            |       |     3 ||     3
         Scroll            |       |     1 ||     1
   Stab: Sleeping          |       |     1 ||     1
 Armour: Robe              |    30 |     5 ||    35
  Dodge: Dodged            |    70 |    28 ||    98
